 Dungeon Crawl Stone Soup version 0.22-a0-565-gfc6459a (webtiles) character file.

284 Alabard the Skirmisher (level 6, -15/50 HPs)
             Began as a Hill Orc Fighter on June 28, 2018.
             Was an Initiate of Hepliaklqana.
             Killed by divine providence
             ... invoked by an orc priest
              (17 damage)
             ... on level 4 of the Dungeon.
             The game lasted 00:07:02 (4035 turns).

Alabard the Skirmisher (Hill Orc Fighter)           Turns: 4035, Time: 00:07:03

Health: -15/50     AC:  7    Str: 21    XL:     6   Next: 29%
Magic:  6/6        EV:  7    Int:  8    God:    Hepliaklqana [......]
Gold:   111        SH:  9    Dex: 10    Spells: 5/5 levels left

rFire    . . .     SeeInvis .   a - +0 trident
rCold    . . .     Gourm    .   c - +0 shield
rNeg     . . .     Faith    .   b - +0 scale mail
rPois    .         Spirit   .   (no helmet)
rElec    .         Reflect  .   (no cloak)
rCorr    .         Harm     .   (no gloves)
MR       .....                  (no boots)
Stlth    ..........             (no amulet)
HPRegen  0.16/turn              (no ring)
MPRegen  0.10/turn              (no ring)

@: no status effects
A: reduced essence
a: Recall Ancestor, Ancestor Identity, Renounce Religion, Convert to Beogh


You were on level 4 of the Dungeon.
You worshipped Hepliaklqana.
Hepliaklqana was noncommittal.
You were not hungry.

You visited 1 branch of the dungeon, and saw 4 of its levels.

You collected 138 gold pieces.
You paid 27 gold pieces to Gozag.

Inventory:

Hand Weapons
 a - a +0 trident (weapon)
Armour
 b - a +0 scale mail (worn)
 c - a +0 shield (worn)
Jewellery
 e - a +5 ring of strength {unknown}
 j - an uncursed ring of fire {unknown}
 o - an uncursed ring of poison resistance {unknown}
Wands
 k - a wand of flame (7)
Scrolls
 h - a scroll of identify {unknown}
 i - a scroll of enchant weapon {unknown}
 l - 2 scrolls of blinking {unknown}
 m - a scroll of enchant armour {unknown}
 n - a scroll of random uselessness {unknown}
 p - a scroll of fog {unknown}
 q - a scroll of amnesia {unknown}
 t - a scroll of immolation {unknown}
 u - 2 scrolls of remove curse {unknown}
 w - 2 scrolls of noise {unknown}
Potions
 g - a potion of agility {unknown}
 r - a potion of heal wounds {unknown}
 s - a potion of lignification {unknown}
Comestibles
 f - 5 rations


   Skills:
 + Level 5.1 Fighting
 + Level 4.1 Polearms
 + Level 4.6 Armour
 + Level 4.6 Shields


You had 5 spell levels left.
You didn't know any spells.
Your spell library was empty.

Dungeon Overview and Level Annotations

Branches:
Dungeon (4/15)
 Temple: D:4-7

Altars:
Ashenzari
Cheibriados
Dithmenos
Fedhas
Gozag
Hepliaklqana
Nemelex Xobeh
Qazlal
Yredelemnul
Zin


Message History

The orc is healed somewhat.
The orc priest looks encouraged for a moment.
The orc priest threatens, "By the altar or by the axe, you will meet Beogh!"
You block the orc's attack. The orc hits you with a falchion!
* * * LOW HITPOINT WARNING * * *
The orc hits you with a falchion.
* * * LOW HITPOINT WARNING * * *
The orc rages.
The orc priest shouts, "Surrender to Beogh and we'll let you live!"
The orc hits you with a falchion.
* * * LOW HITPOINT WARNING * * *
The orc priest calls upon Beogh to heal the orc.
The orc's wounds heal themselves!
The orc closely misses you.
The orc priest shouts, "Beogh is our master!
Accept the truth or die!"
There is a stone staircase leading up here.
You block the orc's attack.
The orc priest calls down the wrath of Beogh upon you.
Beogh smites you!
You die...

###...#
#.........###....###
.......
###########...##.##.
.$.....
##...#......####....
.......###.........###
###..
.....o.o............# ##.#
..!....##o..........# #..#
....... #.o.........# #...
....... ##.oo......##
####.#. #######
#...@.#...#####....#.
#.##########....#####
#.....###....#### #
######.._...##.####
#.......8......##
#.####.._.......##########
#..###.....####...........
##...##..### #####...####
###.##.##########..###


You could see 3 orc priests and 2 orcs.

Vanquished Creatures
  A jelly (D:2)
  Ijyb (D:3)
  2 adders
  7 gnolls
  9 oozes (D:2)
  2 worms
  2 dart slugs
  2 leopard geckos
  2 orcs (D:3)
  6 bats
  2 giant cockroaches
  6 goblins
  6 hobgoblins
  15 jackals
  2 quokkas
  3 ball pythons
  5 frilled lizards
  A jackal skeleton (D:4)
  14 kobolds
  4 rats
92 creatures vanquished.

Vanquished Creatures (collateral kills)
  A jackal (D:4)
1 creature vanquished.

Vanquished Creatures (others)
  2 ancestors (D:4)
  A fungus (D:2)
  10 toadstools (D:2)
13 creatures vanquished.

Grand Total: 106 creatures vanquished

Notes
Turn   | Place    | Note
-------+----------+-------------------------------------------
     0 | D:1      | Alabard the Hill Orc Fighter began the quest for the Orb.
     0 | D:1      | Reached XP level 1. HP: 19/19 MP: 1/1
   222 | D:1      | Reached XP level 2. HP: 27/27 MP: 2/2
   620 | D:2      | Found a stormy altar of Qazlal.
   680 | D:2      | Reached skill level 4 in Fighting
   680 | D:2      | Reached XP level 3. HP: 13/33 MP: 3/3
   928 | D:2      | Found a basalt altar of Yredelemnul.
  1431 | D:2      | Found a shadowy altar of Dithmenos.
  1463 | D:2      | Reached XP level 4. HP: 40/40 MP: 4/4
  1669 | D:2      | Reached XP level 5. HP: 38/47 MP: 5/5
  1949 | D:3      | Noticed Ijyb
  1998 | D:3      | Killed Ijyb
  2268 | D:3      | Found a snail-covered altar of Cheibriados.
  2277 | D:3      | Found a blossoming altar of Fedhas.
  2895 | D:3      | Reached skill level 5 in Fighting
  2895 | D:3      | Reached XP level 6. HP: 14/56 MP: 6/6
  3169 | D:3      | Found an opulent altar of Gozag.
  3170 | D:3      | Found a sparkling altar of Nemelex Xobeh.
  3200 | D:3      | Became a worshipper of Gozag Ym Sagoz the Greedy
  3299 | D:3      | Found a hazy altar of Hepliaklqana.
  3310 | D:3      | Fell from the grace of Gozag
  3310 | D:3      | Became a worshipper of Hepliaklqana the Forgotten
  3549 | D:4      | Found a glowing silver altar of Zin.
  3549 | D:4      | Found a shattered altar of Ashenzari.
  4034 | D:4      | HP: 2/50 [orc/falchion (3)]
  4035 | D:4      | Killed from afar by an orc priest

Vault maps used:
D:1:      dpeg_arrival_boxorama, minmay_distorted
D:2:      cheibrodos_fertilizer, lemuel_doored_altar, old_standard_altar,
          nicolae_overflow_crystal_walls, first_ration
D:3:      grunt_temple_overflow_opulence, marbit_many_paths, fedhas_altar_1,
          kennysheep_slug_shrine, uniq_ijyb
D:4:      chequers_temple_overflow_statue_of_worship

Skill      XL: |  1  2  3  4  5  6 |
---------------+-------------------+-----
Fighting       | 4 5 |  5.1
Polearms       | 3 4 |  4.1
Armour         | 4 |  4.6
Shields        | 4 |  4.6

Action                   |  1- 3 |  4- 6 || total
-------------------------+-------+-------++-------
Melee: Trident           |   134 |   206 ||   340
       Unarmed           |       |    21 ||    21
  Use: Potion            |       |     3 ||     3
  Eat: Chunk             |     2 |       ||     2
       Ration            |       |     3 ||     3
Armor: Scale mail        |    71 |    73 ||   144
       Skin              |       |     3 ||     3
Dodge: Dodged            |    36 |    73 ||   109
Block: Shield            |    64 |   102 ||   166

Table legend:
 A = Spawn XP
 B = Non-spawn XP
 C = Spawn XP percentage of total XP
 D = Spawn monster count
 E = Non-spawn monster count
 F = Spawn count percentage of total count
 G = Total turns spent on level
                    A         B        C        D         E        F      G
               +---------+---------+-------+---------+---------+-------+---------
         Total |       0 |     406 |   0.0 |       0 |      93 |   0.0 |  4035
               +---------+---------+-------+---------+---------+-------+---------
           D:1 |       0 |      18 |   0.0 |       0 |      11 |   0.0 |   583
           D:2 |       0 |     180 |   0.0 |       0 |      39 |   0.0 |  1627
           D:3 |       0 |     135 |   0.0 |       0 |      32 |   0.0 |  1149
           D:4 |       0 |      73 |   0.0 |       0 |      11 |   0.0 |   676
               +---------+---------+-------+---------+---------+-------+---------
